Predators vs Blue Jackets
Created - 6 novembre 2016 at 22:29
Goals
|
| Predators |
1 |
2 |
2 |
5 |
| Blue Jackets |
1 |
0 |
0 |
1 |
|
Shots
|
| Predators |
10 |
13 |
8 |
31 |
| Blue Jackets |
15 |
5 |
11 |
31 |
|
1st period
1. Blue Jackets , David Booth 3 (Patric Hornqvist, Jan Bulis) at 1:28
2. Predators , Adam Burish 2 (Ryan Kesler) at 17:56
Penalties :
Branislav Mezei (Clb) for Roughing (Minor) at 2:15, Ryan Kesler (Nas) for Holding (Minor) at 4:58, Frans Nielsen (Nas) for Hooking (Minor) at 12:15, James Van Riemsdyk (Nas) for Cross-checking (Minor) at 15:07, Jan Bulis (Clb) for Hooking (Minor) at 18:18
2nd period
3. Predators , Michael Grabner 2 (Alexander Ovechkin, Frans Nielsen) at 10:14
4. Predators , David Jones 2 (Alexander Edler, Alexander Steen) at 13:50
Penalties :
Jason Ward (Clb) for Tripping (Minor) at 2:43, Andy Miele (Nas) for Holding (Minor) at 5:03, Patric Hornqvist (Clb) for Hooking (Minor) at 5:11, Alexander Ovechkin (Nas) for Tripping (Minor) at 14:09, Frans Nielsen (Nas) for Holding (Minor) at 19:42
3rd period
5. Predators , Michael Grabner 3 (Alexander Ovechkin, Ryan Mcdonagh) at 2:43
6. Predators , Frans Nielsen 3 (Ryan Kesler) at 16:43
Penalties :
Alexander Edler (Nas) for Hooking (Minor) at 5:20, Adam Burish (Nas) for Interference (Minor) at 9:53, Kevin Bieksa (Clb) for Roughing (Minor) at 17:25, Dave Steckel (Clb) for Tripping (Minor) at 19:39
Goalie Stats
Maxime Daigneault (Nas), 30 saves from 31 shots - (0,968), W, 3-2-0, 60:00 minutes
Rick DiPietro (Clb), 26 saves from 31 shots - (0,839), L, 3-2-0, 60:00 minutes
Players Stats for Predators
Player Name G A P +/- PIM S H SB GA TA FO MP PP MP PK MP
------------------------------------------------------------------------------------
Adam Burish 1 0 1 1 2 4 1 0 0 0 0/0 16:30 3:24 3:46
Alexander Edler 0 1 1 1 2 3 4 1 3 1 0/0 21:12 2:46 6:43
Alexander Ovechkin 0 2 2 2 2 5 0 1 2 0 6/10 25:22 5:00 6:25
Alexander Steen 0 1 1 1 0 1 1 1 0 0 0/1 9:08 0:00 1:05
Andy Miele 0 0 0 1 2 2 1 0 0 0 2/6 8:06 0:04 0:00
Brett Clark 0 0 0 0 0 0 0 0 0 1 0/0 16:11 0:04 6:27
Christian Ehrhoff 0 0 0 3 0 3 3 2 0 0 0/0 22:05 5:34 0:08
David Jones 1 0 1 1 0 1 1 1 0 0 1/1 12:48 0:00 3:59
Eric Nystrom 0 0 0 1 0 2 2 0 0 0 1/1 15:30 0:00 7:33
Frans Nielsen 1 1 2 2 4 2 1 0 1 0 14/29 20:42 3:20 3:57
James Van Riemsdyk 0 0 0 0 2 1 1 0 0 0 0/0 10:49 3:20 0:13
John Moore 0 0 0 2 0 0 1 0 0 1 0/0 20:02 2:50 6:38
Kris Vernarsky 0 0 0 0 0 1 2 0 0 0 4/4 7:17 0:00 1:04
Michael Grabner 2 0 2 2 0 3 1 1 1 1 0/2 17:22 5:00 0:00
Phil Oreskovic 0 0 0 0 0 0 2 2 0 1 0/0 9:35 0:04 0:08
Ryan Kesler 0 2 2 1 2 1 1 0 0 0 13/23 14:13 5:04 0:00
Ryan Mcdonagh 0 1 1 2 0 1 5 4 1 1 0/0 30:55 5:30 7:58
Shane Doan 0 0 0 0 0 1 0 0 1 0 0/0 6:13 0:00 0:00
Players Stats for Blue Jackets
Player Name G A P +/- PIM S H SB GA TA FO MP PP MP PK MP
------------------------------------------------------------------------------------
Andreas Nodl 0 0 0 -2 0 1 1 0 0 0 0/0 6:42 0:00 0:00
Branislav Mezei 0 0 0 -2 2 5 1 0 1 0 0/0 28:50 7:37 4:32
Brooks Orpik 0 0 0 1 0 1 0 1 0 1 0/0 8:56 0:00 0:31
Cory Emmerton 0 0 0 0 0 3 0 0 0 1 3/5 7:11 0:00 0:00
Dave Steckel 0 0 0 -2 2 1 1 0 0 0 3/6 8:42 0:50 0:05
David Booth 1 0 1 0 0 5 1 0 1 0 0/2 21:06 7:08 3:07
François Beauchemin 0 0 0 -3 0 1 1 1 0 2 0/0 22:32 6:24 3:18
Jan Bulis 0 1 1 0 2 2 2 0 0 0 7/11 15:46 5:51 0:00
Jason Ward 0 0 0 0 2 2 1 1 0 0 0/0 7:54 0:11 0:00
Jeff Taffe 0 0 0 0 0 0 0 0 0 0 0/2 8:45 0:00 0:56
Kevin Bieksa 0 0 0 -3 2 0 1 1 1 0 0/0 22:19 6:24 3:05
Marcus Nilson 0 0 0 -2 0 3 1 0 0 0 1/3 13:12 1:09 0:01
Martin Havlat 0 0 0 -2 0 1 1 0 0 1 0/0 19:24 6:03 2:16
Mike Commodore 0 0 0 1 0 1 0 1 0 0 0/0 7:58 0:00 0:02
Mike Lundin 0 0 0 -2 0 2 0 3 1 3 0/0 29:46 7:37 5:20
Mike York 0 0 0 -2 0 2 0 1 1 0 0/0 13:00 6:23 0:00
Patric Hornqvist 0 1 1 0 2 1 2 0 1 0 1/3 22:56 7:13 5:16
Pavel Datsyuk 0 0 0 -2 0 0 1 0 0 1 21/45 24:40 7:14 5:07
3 Stars
1 - Michael Grabner (Nas)
2 - Maxime Daigneault (Nas)
3 - Ryan Mcdonagh (Nas)
Power Play
Predators - 0 on 6 Attempt(s) - 0,00%
Blue Jackets - 0 on 8 Attempt(s) - 0,00%
Penalty Kill
Predators - 8 on 8 Attempt(s) - 100,00%
- Score 0 goal in Penalty Kill
Blue Jackets - 6 on 6 Attempt(s) - 100,00%
- Score 0 goal in Penalty Kill
Team Stat
Predators - Hits : 27 - Faceoff Wins : 41 - Blocked Shots : 13 - Penalty Minutes : 16
Blue Jackets - Hits : 14 - Faceoff Wins : 36 - Blocked Shots : 9 - Penalty Minutes : 12
Official
Referees : StLaurent Francois and Pollock Kevin
Linesman : Steve Miller and Brad Kovachik
Game Notes
No Game Note
Finance
Level 1 -- Attendance: 5092 (84,87%) -- Ticket Income 458 280 $
Level 2 -- Attendance: 3544 (70,88%) -- Ticket Income 194 920 $
Level 3 -- Attendance: 1868 (93,40%) -- Ticket Income 56 040 $
Level 4 -- Attendance: 4000 (100,00%) -- Ticket Income 80 000 $
Luxury Box -- Attendance: 795 (79,50%) -- Ticket Income 147 075 $
Game was played at the Ohio State Arena.
Total Attendance: 15299 (84,99%)
Total Ticket Income: 936 315 $
Other Income: 140 447 $
Total Income: 1 076 762 $
Predators
5 vs 5 Forward
Center Left Wing Right Wing Time % Phy DF OF
1 Frans Nielsen Alexander Ovechkin Michael Grabner 40 1 2 2
2 Ryan Kesler Eric Nystrom Adam Burish 30 1 2 2
3 Andy Miele Alexander Steen David Jones 18 2 1 2
4 Kris Vernarsky James Van Riemsdyk Shane Doan 12 1 2 2
5 vs 5 Defense
Defense Defense Time % Phy DF OF
1 Christian Ehrhoff Ryan Mcdonagh 40 1 2 2
2 Alexander Edler John Moore 30 1 2 2
3 Phil Oreskovic Brett Clark 20 1 2 2
4 Alexander Edler Ryan Mcdonagh 10 1 2 2
PowerPlay Forward
Center Left Wing Right Wing Time % Phy DF OF
1 Ryan Kesler Alexander Ovechkin Michael Grabner 60 1 1 3
2 Frans Nielsen James Van Riemsdyk Adam Burish 40 1 1 3
PowerPlay Defense
Defense Defense Time % Phy DF OF
1 Christian Ehrhoff Ryan Mcdonagh 60 1 1 3
2 Alexander Edler John Moore 40 1 1 3
Penalty Kill 4 Players Forward
Center Wing Time % Phy DF OF
1 Alexander Ovechkin Eric Nystrom 60 1 2 2
2 Frans Nielsen Adam Burish 40 1 2 2
Penalty Kill 4 Players Defense
Defense Defense Time % Phy DF OF
1 Alexander Edler Ryan Mcdonagh 60 1 2 2
2 John Moore Brett Clark 40 1 2 2
Penalty Kill - 3 Players Forward
Forward Time % Phy DF OF
1 Eric Nystrom 60 1 2 2
2 Frans Nielsen 40 1 2 2
Penalty Kill - 3 Players Defense
Defense Defense Time % Phy DF OF
1 Alexander Edler Ryan Mcdonagh 60 1 2 2
2 John Moore Brett Clark 40 1 2 2
4 vs 4 Forward
Center Wing Time % Phy DF OF
1 Ryan Kesler Adam Burish 60 1 2 2
2 Frans Nielsen Alexander Ovechkin 40 1 2 2
4 vs 4 Defense
Defense Defense Time % Phy DF OF
1 Alexander Edler Ryan Mcdonagh 60 1 2 2
2 Christian Ehrhoff Brett Clark 40 1 2 2
Last Minutes Offensive
Center Left Wing Right Wing Defense Defense
Ryan Kesler Alexander Ovechkin Michael Grabner Alexander Edler Ryan Mcdonagh
Last Minutes Defensive
Center Left Wing Right Wing Defense Defense
Kris Vernarsky Eric Nystrom Frans Nielsen Ryan Mcdonagh Brett Clark
Goaltenders
Starting : Maxime Daigneault
Backup : Steve Mason
Extra Forwards
Normal : Ryan Kesler, Kris Vernarsky, David Jones - PP : Adam Burish, Kris Vernarsky - PK : David Jones
Extra Defensemen
Normal : Phil Oreskovic, John Moore, Brett Clark - PP : Phil Oreskovic - PK : John Moore, Brett Clark
Penalty Shots
Alexander Ovechkin, Michael Grabner, Ryan Kesler, Shane Doan, David Jones
Blue Jackets
5 vs 5 Forward
Center Left Wing Right Wing Time % Phy DF OF
1 Jan Bulis David Booth Patric Hornqvist 35 1 2 2
2 Pavel Datsyuk Marcus Nilson Martin Havlat 35 1 2 2
3 Dave Steckel Mike York Andreas Nodl 20 1 2 2
4 Cory Emmerton Jeff Taffe Jason Ward 10 1 2 2
5 vs 5 Defense
Defense Defense Time % Phy DF OF
1 Branislav Mezei Mike Lundin 40 1 2 2
2 Kevin Bieksa François Beauchemin 30 1 2 2
3 Brooks Orpik Mike Commodore 20 1 2 2
4 Branislav Mezei Mike Lundin 10 1 2 2
PowerPlay Forward
Center Left Wing Right Wing Time % Phy DF OF
1 Pavel Datsyuk David Booth Patric Hornqvist 60 1 2 2
2 Jan Bulis Mike York Martin Havlat 40 1 2 2
PowerPlay Defense
Defense Defense Time % Phy DF OF
1 Branislav Mezei Mike Lundin 60 1 2 2
2 Kevin Bieksa François Beauchemin 40 1 2 2
Penalty Kill 4 Players Forward
Center Wing Time % Phy DF OF
1 Pavel Datsyuk Patric Hornqvist 60 1 2 2
2 David Booth Martin Havlat 40 1 2 2
Penalty Kill 4 Players Defense
Defense Defense Time % Phy DF OF
1 Branislav Mezei Mike Lundin 60 1 2 2
2 Kevin Bieksa François Beauchemin 40 1 2 2
Penalty Kill - 3 Players Forward
Forward Time % Phy DF OF
1 Pavel Datsyuk 60 1 2 2
2 Patric Hornqvist 40 1 2 2
Penalty Kill - 3 Players Defense
Defense Defense Time % Phy DF OF
1 Branislav Mezei Mike Lundin 60 1 2 2
2 Kevin Bieksa François Beauchemin 40 1 2 2
4 vs 4 Forward
Center Wing Time % Phy DF OF
1 Pavel Datsyuk Patric Hornqvist 60 1 2 2
2 David Booth Martin Havlat 40 1 2 2
4 vs 4 Defense
Defense Defense Time % Phy DF OF
1 Branislav Mezei Mike Lundin 60 1 2 2
2 Kevin Bieksa François Beauchemin 40 1 2 2
Last Minutes Offensive
Center Left Wing Right Wing Defense Defense
Pavel Datsyuk David Booth Patric Hornqvist Branislav Mezei Mike Lundin
Last Minutes Defensive
Center Left Wing Right Wing Defense Defense
Pavel Datsyuk David Booth Patric Hornqvist Branislav Mezei Mike Lundin
Goaltenders
Starting : Rick DiPietro
Backup : Niklas Backstrom
Extra Forwards
Normal : Marcus Nilson, Dave Steckel, Jeff Taffe - PP : Marcus Nilson, Dave Steckel - PK : Jeff Taffe
Extra Defensemen
Normal : Branislav Mezei, Mike Lundin, Kevin Bieksa - PP : Branislav Mezei - PK : Mike Lundin, Kevin Bieksa
Penalty Shots
Pavel Datsyuk, Patric Hornqvist, David Booth, Martin Havlat, Mike York
% Time on Ice - Predators
Lines # - Real PCT - Wanted PCT - Time Play
Normal Forward
1 - 37% - 40% - 13:13
2 - 23% - 30% - 8:15
3 - 23% - 18% - 8:03
4 - 17% - 12% - 6:13
Normal Defense
1 - 45% - 40% - 16:06
2 - 30% - 30% - 10:34
3 - 23% - 20% - 8:14
4 - 2% - 10% - 0:50
PP Forward
1 - 60% - 60% - 5:04
2 - 40% - 40% - 3:20
PP Defense
1 - 65% - 60% - 5:30
2 - 35% - 40% - 2:54
PK Forward
1 - 67% - 60% - 9:26
2 - 33% - 40% - 4:35
PK Defense
1 - 58% - 60% - 8:06
2 - 42% - 40% - 5:55
PK3 Forward
1 - 0% - 60%
2 - 0% - 40%
PK3 Defense
1 - 0% - 60%
2 - 0% - 40%
44 Forward
1 - 59% - 60% - 1:06
2 - 41% - 40% - 0:45
44 Defense
1 - 82% - 60% - 1:31
2 - 18% - 40% - 0:20
Last Minute Offensive - 0:00
Last Minute Defensive - 0:00
Total
Forward - 60:00
Defense - 60:00
|
% Time on Ice - Blue Jackets
Lines # - Real PCT - Wanted PCT - Time Play
Normal Forward
1 - 30% - 35% - 10:46
2 - 31% - 35% - 11:05
3 - 19% - 20% - 6:42
4 - 20% - 10% - 7:11
Normal Defense
1 - 44% - 40% - 15:42
2 - 34% - 30% - 12:07
3 - 22% - 20% - 7:55
4 - 0% - 10% - 0:00
PP Forward
1 - 54% - 60% - 7:38
2 - 46% - 40% - 6:23
PP Defense
1 - 54% - 60% - 7:37
2 - 46% - 40% - 6:24
PK Forward
1 - 73% - 60% - 6:08
2 - 27% - 40% - 2:16
PK Defense
1 - 60% - 60% - 5:04
2 - 40% - 40% - 3:20
PK3 Forward
1 - 0% - 60%
2 - 0% - 40%
PK3 Defense
1 - 0% - 60%
2 - 0% - 40%
44 Forward
1 - 100% - 60% - 1:51
2 - 0% - 40% - 0:00
44 Defense
1 - 60% - 60% - 1:07
2 - 40% - 40% - 0:44
Last Minute Offensive - 0:00
Last Minute Defensive - 0:00
Total
Forward - 60:00
Defense - 60:00
|
Play by Play
1st period
0:01 of 1st period - Jan Bulis wins face-off versus Frans Nielsen in neutral zone.
0:01 of 1st period - Jan Bulis is hit by Ryan Mcdonagh.
0:13 of 1st period - Wrist shot by David Booth.
0:13 of 1st period - Stopped by Maxime Daigneault with a rebound.
0:27 of 1st period - Off-side.
0:28 of 1st period - Pavel Datsyuk wins face-off versus Ryan Kesler in neutral zone.
0:53 of 1st period - Dave Steckel is hit by John Moore and loses puck.
1:06 of 1st period - Slapshot by Alexander Steen.
1:06 of 1st period - Shot Misses the Net.
1:18 of 1st period - Wrist shot by Patric Hornqvist.
1:18 of 1st period - Shot Misses the Net.
1:20 of 1st period - Wrist shot by Jan Bulis.
1:20 of 1st period - Shot Blocked by Phil Oreskovic.
1:22 of 1st period - Slapshot by François Beauchemin.
1:22 of 1st period - Stopped by Maxime Daigneault without a rebound.
1:23 of 1st period - Jan Bulis wins face-off versus Frans Nielsen in Predators zone.
1:28 of 1st period - Snap shot by David Booth.
1:28 of 1st period - Goal by David Booth - Predators : 0 - Blue Jackets : 1.
1:29 of 1st period - Frans Nielsen wins face-off versus Pavel Datsyuk in neutral zone.
1:34 of 1st period - Wrist shot by Marcus Nilson.
1:34 of 1st period - Stopped by Maxime Daigneault without a rebound.
1:35 of 1st period - Frans Nielsen wins face-off versus Pavel Datsyuk in Predators zone.
1:40 of 1st period - Wrist shot by Michael Grabner.
1:40 of 1st period - Shot Misses the Net.
2:02 of 1st period - Wrist shot by Dave Steckel.
2:02 of 1st period - Deflect By Andreas Nodl.
2:02 of 1st period - Stopped by Maxime Daigneault without a rebound.
2:03 of 1st period - Ryan Kesler wins face-off versus Dave Steckel in Predators zone.
2:15 of 1st period - Minor Penalty to Branislav Mezei for Roughing.
2:16 of 1st period - Pavel Datsyuk wins face-off versus Michael Grabner in Blue Jackets zone.
2:27 of 1st period - Snap shot by Ryan Kesler.
2:27 of 1st period - Deflect By Alexander Ovechkin.
2:27 of 1st period - Stopped by Rick DiPietro without a rebound.
2:28 of 1st period - Ryan Kesler wins face-off versus Pavel Datsyuk in Blue Jackets zone.
2:31 of 1st period - Snap shot by Ryan Kesler.
2:31 of 1st period - Shot Blocked by Mike Lundin.
2:45 of 1st period - Snap shot by Alexander Ovechkin.
2:45 of 1st period - Shot Blocked by Kevin Bieksa.
2:55 of 1st period - Snap shot by Martin Havlat.
2:55 of 1st period - Shot Misses the Net.
3:15 of 1st period - Wrist shot by Adam Burish.
3:15 of 1st period - Shot Blocked by Mike Lundin.
3:17 of 1st period - Wrist shot by Adam Burish.
3:17 of 1st period - Stopped by Rick DiPietro with a rebound.
3:19 of 1st period - Backhand shot by Christian Ehrhoff.
3:19 of 1st period - Stopped by Rick DiPietro with a rebound.
3:21 of 1st period - Slapshot by Ryan Mcdonagh.
3:21 of 1st period - Stopped by Rick DiPietro without a rebound.
3:22 of 1st period - Pavel Datsyuk wins face-off versus Frans Nielsen in Blue Jackets zone.
4:15 of 1st period - Penalty to Branislav Mezei is over, Branislav Mezei is back on ice.
4:42 of 1st period - Jason Ward is hit by Kris Vernarsky and loses puck.
4:58 of 1st period - Minor Penalty to Ryan Kesler for Holding.
4:59 of 1st period - Alexander Ovechkin wins face-off versus Pavel Datsyuk in Predators zone.
5:05 of 1st period - Icing by Branislav Mezei.
5:06 of 1st period - Pavel Datsyuk wins face-off versus Alexander Ovechkin in Blue Jackets zone.
6:03 of 1st period - Off-side.
6:04 of 1st period - Jan Bulis wins face-off versus Frans Nielsen in neutral zone.
6:33 of 1st period - Alexander Ovechkin is hit by Kevin Bieksa and loses puck.
6:58 of 1st period - Penalty to Ryan Kesler is over, Ryan Kesler is back on ice.
7:08 of 1st period - Slapshot by Andy Miele.
7:08 of 1st period - Stopped by Rick DiPietro without a rebound.
7:09 of 1st period - Cory Emmerton wins face-off versus Andy Miele in Blue Jackets zone.
7:21 of 1st period - Slapshot by Ryan Mcdonagh.
7:21 of 1st period - Shot Blocked by Mike Commodore.
7:25 of 1st period - Wrist shot by Andy Miele.
7:25 of 1st period - Stopped by Rick DiPietro without a rebound.
7:26 of 1st period - Frans Nielsen wins face-off versus Jan Bulis in Blue Jackets zone.
7:27 of 1st period - Snap shot by Alexander Ovechkin.
7:27 of 1st period - Shot Misses the Net.
8:05 of 1st period - Slapshot by Adam Burish.
8:05 of 1st period - Stopped by Rick DiPietro with a rebound.
8:15 of 1st period - Wrist shot by Pavel Datsyuk.
8:15 of 1st period - Shot Misses the Net.
8:17 of 1st period - Snap shot by Kevin Bieksa.
8:17 of 1st period - Shot Misses the Net.
8:41 of 1st period - Jan Bulis is hit by Christian Ehrhoff and loses puck.
9:21 of 1st period - Snap shot by Mike York.
9:21 of 1st period - Deflect By Dave Steckel.
9:21 of 1st period - Stopped by Maxime Daigneault with a rebound.
10:05 of 1st period - Branislav Mezei is hit by David Jones and loses puck.
10:38 of 1st period - François Beauchemin is hit by Alexander Edler and loses puck.
10:43 of 1st period - Slapshot by Ryan Kesler.
10:43 of 1st period - Deflect By Eric Nystrom.
10:43 of 1st period - Stopped by Rick DiPietro without a rebound.
10:44 of 1st period - Jan Bulis wins face-off versus Ryan Kesler in Blue Jackets zone.
10:55 of 1st period - Slapshot by David Booth.
10:55 of 1st period - Stopped by Maxime Daigneault without a rebound.
10:56 of 1st period - Jan Bulis wins face-off versus Frans Nielsen in Predators zone.
10:59 of 1st period - Wrist shot by Patric Hornqvist.
10:59 of 1st period - Stopped by Maxime Daigneault with a rebound.
11:03 of 1st period - Slapshot by David Booth.
11:03 of 1st period - Shot Misses the Net.
11:05 of 1st period - Wrist shot by Jan Bulis.
11:05 of 1st period - Shot Misses the Net.
11:07 of 1st period - Snap shot by François Beauchemin.
11:07 of 1st period - Shot Blocked by Christian Ehrhoff.
11:09 of 1st period - Snap shot by David Booth.
11:09 of 1st period - Stopped by Maxime Daigneault without a rebound.
11:10 of 1st period - Frans Nielsen wins face-off versus Pavel Datsyuk in Predators zone.
11:15 of 1st period - Snap shot by Alexander Ovechkin.
11:15 of 1st period - Stopped by Rick DiPietro without a rebound.
11:16 of 1st period - Pavel Datsyuk wins face-off versus Frans Nielsen in Blue Jackets zone.
11:16 of 1st period - Pavel Datsyuk is hit by Ryan Mcdonagh.
11:19 of 1st period - Icing by Martin Havlat.
11:20 of 1st period - Frans Nielsen wins face-off versus Pavel Datsyuk in Blue Jackets zone.
11:37 of 1st period - Slapshot by Branislav Mezei.
11:37 of 1st period - Stopped by Maxime Daigneault with a rebound.
11:39 of 1st period - Slapshot by Martin Havlat.
11:39 of 1st period - Stopped by Maxime Daigneault with a rebound.
11:41 of 1st period - Slapshot by Branislav Mezei.
11:41 of 1st period - Stopped by Maxime Daigneault with a rebound.
11:53 of 1st period - Wrist shot by Pavel Datsyuk.
11:53 of 1st period - Shot Blocked by Ryan Mcdonagh.
11:58 of 1st period - Slapshot by Branislav Mezei.
11:58 of 1st period - Stopped by Maxime Daigneault with a rebound.
12:00 of 1st period - Slapshot by Branislav Mezei.
12:00 of 1st period - Stopped by Maxime Daigneault with a rebound.
12:04 of 1st period - Wrist shot by Pavel Datsyuk.
12:04 of 1st period - Shot Misses the Net.
12:15 of 1st period - Minor Penalty to Frans Nielsen for Hooking.
12:16 of 1st period - Alexander Ovechkin wins face-off versus Pavel Datsyuk in Predators zone.
14:15 of 1st period - Penalty to Frans Nielsen is over, Frans Nielsen is back on ice.
14:28 of 1st period - François Beauchemin is hit by Phil Oreskovic.
14:34 of 1st period - Wrist shot by David Jones.
14:34 of 1st period - Shot Misses the Net.
14:50 of 1st period - Mike Commodore is hit by Christian Ehrhoff and loses puck.
15:07 of 1st period - Minor Penalty to James Van Riemsdyk for Cross-checking.
15:08 of 1st period - Alexander Ovechkin wins face-off versus Pavel Datsyuk in Predators zone.
15:08 of 1st period - Alexander Ovechkin is hit by Patric Hornqvist.
15:43 of 1st period - Ryan Mcdonagh is hit by Jan Bulis.
17:07 of 1st period - Penalty to James Van Riemsdyk is over, James Van Riemsdyk is back on ice.
17:50 of 1st period - Icing by Kevin Bieksa.
17:51 of 1st period - Ryan Kesler wins face-off versus Dave Steckel in Blue Jackets zone.
17:56 of 1st period - Wrist shot by Adam Burish.
17:56 of 1st period - Goal by Adam Burish - Predators : 1 - Blue Jackets : 1.
17:57 of 1st period - Jan Bulis wins face-off versus Ryan Kesler in neutral zone.
18:10 of 1st period - Slapshot by Branislav Mezei.
18:10 of 1st period - Deflect By Eric Nystrom.
18:10 of 1st period - Stopped by Maxime Daigneault with a rebound.
18:18 of 1st period - Minor Penalty to Jan Bulis for Hooking.
18:19 of 1st period - Ryan Kesler wins face-off versus Pavel Datsyuk in Blue Jackets zone.
18:32 of 1st period - Slapshot by Ryan Kesler.
18:32 of 1st period - Shot Misses the Net.
18:34 of 1st period - Wrist shot by Alexander Ovechkin.
18:34 of 1st period - Shot Blocked by Mike Lundin.
19:04 of 1st period - John Moore is hit by Patric Hornqvist and loses puck.
Goals for this period are 1 for Predators vs 1 for Blue Jackets.
Shots for this period are 10 for Predators vs 15 for Blue Jackets.
2nd period
0:01 of 2nd period - Ryan Kesler wins face-off versus Patric Hornqvist in neutral zone.
0:18 of 2nd period - Penalty to Jan Bulis is over, Jan Bulis is back on ice.
0:30 of 2nd period - Alexander Steen is hit by Andreas Nodl and loses puck.
0:55 of 2nd period - Slapshot by Christian Ehrhoff.
0:55 of 2nd period - Stopped by Rick DiPietro with a rebound.
1:07 of 2nd period - François Beauchemin is hit by Kris Vernarsky and loses puck.
1:15 of 2nd period - Icing by Jason Ward.
1:16 of 2nd period - Ryan Kesler wins face-off versus Jan Bulis in Blue Jackets zone.
1:27 of 2nd period - Slapshot by Jan Bulis.
1:27 of 2nd period - Shot Misses the Net.
1:29 of 2nd period - Wrist shot by David Booth.
1:29 of 2nd period - Shot Misses the Net.
1:31 of 2nd period - Snap shot by David Booth.
1:31 of 2nd period - Stopped by Maxime Daigneault with a rebound.
1:33 of 2nd period - Snap shot by François Beauchemin.
1:33 of 2nd period - Shot Blocked by Alexander Edler.
1:43 of 2nd period - Martin Havlat is hit by Michael Grabner and loses puck.
2:24 of 2nd period - Jeff Taffe is hit by James Van Riemsdyk and loses puck.
2:43 of 2nd period - Minor Penalty to Jason Ward for Tripping.
2:44 of 2nd period - Ryan Kesler wins face-off versus Pavel Datsyuk in Blue Jackets zone.
4:20 of 2nd period - Mike Lundin is hit by Ryan Mcdonagh and loses puck.
4:28 of 2nd period - Icing by James Van Riemsdyk.
4:29 of 2nd period - Frans Nielsen wins face-off versus David Booth in Predators zone.
4:34 of 2nd period - François Beauchemin is hit by Frans Nielsen and loses puck.
4:43 of 2nd period - Penalty to Jason Ward is over, Jason Ward is back on ice.
4:57 of 2nd period - Snap shot by Alexander Steen.
4:57 of 2nd period - Stopped by Rick DiPietro without a rebound.
4:58 of 2nd period - Dave Steckel wins face-off versus Andy Miele in Blue Jackets zone.
4:58 of 2nd period - Dave Steckel is hit by Alexander Steen.
5:03 of 2nd period - Minor Penalty to Andy Miele for Holding.
5:04 of 2nd period - Alexander Ovechkin wins face-off versus Pavel Datsyuk in Predators zone.
5:11 of 2nd period - Minor Penalty to Patric Hornqvist for Hooking.
5:12 of 2nd period - Pavel Datsyuk wins face-off versus Ryan Kesler in Blue Jackets zone.
5:13 of 2nd period - Icing by Mike Lundin.
5:14 of 2nd period - Marcus Nilson wins face-off versus Ryan Kesler in Blue Jackets zone.
5:59 of 2nd period - Snap shot by Alexander Ovechkin.
5:59 of 2nd period - Shot Misses the Net.
6:05 of 2nd period - Alexander Ovechkin is hit by Dave Steckel and loses puck.
6:46 of 2nd period - Icing by Dave Steckel.
6:47 of 2nd period - Ryan Kesler wins face-off versus Marcus Nilson in Blue Jackets zone.
7:03 of 2nd period - Penalty to Andy Miele is over, Andy Miele is back on ice.
7:11 of 2nd period - Penalty to Patric Hornqvist is over, Patric Hornqvist is back on ice.
7:15 of 2nd period - Icing by Patric Hornqvist.
7:16 of 2nd period - Kris Vernarsky wins face-off versus Jeff Taffe in Blue Jackets zone.
7:19 of 2nd period - Snap shot by Alexander Ovechkin.
7:19 of 2nd period - Deflect By David Booth.
7:19 of 2nd period - Shot Misses the Net.
7:19 of 2nd period - Puck is out of play.
7:20 of 2nd period - Jan Bulis wins face-off versus Frans Nielsen in Blue Jackets zone.
7:25 of 2nd period - Slapshot by Alexander Ovechkin.
7:25 of 2nd period - Stopped by Rick DiPietro with a rebound.
7:37 of 2nd period - Snap shot by Alexander Ovechkin.
7:37 of 2nd period - Shot Misses the Net.
7:47 of 2nd period - Ryan Kesler is hit by Marcus Nilson and loses puck.
8:10 of 2nd period - Wrist shot by Alexander Steen.
8:10 of 2nd period - Shot Misses the Net.
8:16 of 2nd period - Mike York is hit by Alexander Edler and loses puck.
8:53 of 2nd period - Wrist shot by James Van Riemsdyk.
8:53 of 2nd period - Stopped by Rick DiPietro with a rebound.
8:55 of 2nd period - Wrist shot by Shane Doan.
8:55 of 2nd period - Stopped by Rick DiPietro without a rebound.
8:56 of 2nd period - Kris Vernarsky wins face-off versus Pavel Datsyuk in Blue Jackets zone.
8:57 of 2nd period - Snap shot by James Van Riemsdyk.
8:57 of 2nd period - Shot Blocked by Brooks Orpik.
9:23 of 2nd period - Icing by Alexander Ovechkin.
9:24 of 2nd period - Frans Nielsen wins face-off versus Jan Bulis in Predators zone.
9:58 of 2nd period - Slapshot by Christian Ehrhoff.
9:58 of 2nd period - Stopped by Rick DiPietro with a rebound.
10:14 of 2nd period - Wrist shot by Michael Grabner.
10:14 of 2nd period - Goal by Michael Grabner - Predators : 2 - Blue Jackets : 1.
10:15 of 2nd period - Ryan Kesler wins face-off versus Pavel Datsyuk in neutral zone.
10:18 of 2nd period - Slapshot by Alexander Edler.
10:18 of 2nd period - Stopped by Rick DiPietro without a rebound.
10:19 of 2nd period - Ryan Kesler wins face-off versus Pavel Datsyuk in Blue Jackets zone.
10:20 of 2nd period - Snap shot by Eric Nystrom.
10:20 of 2nd period - Shot Misses the Net.
10:31 of 2nd period - Off-side.
10:32 of 2nd period - Pavel Datsyuk wins face-off versus Frans Nielsen in neutral zone.
11:03 of 2nd period - Christian Ehrhoff is hit by David Booth and loses puck.
12:41 of 2nd period - Slapshot by Mike York.
12:41 of 2nd period - Stopped by Maxime Daigneault without a rebound.
12:42 of 2nd period - Dave Steckel wins face-off versus Michael Grabner in Predators zone.
12:53 of 2nd period - Snap shot by Andreas Nodl.
12:53 of 2nd period - Deflect By Mike York.
12:53 of 2nd period - Shot Misses the Net.
12:53 of 2nd period - Puck is out of play.
12:54 of 2nd period - Pavel Datsyuk wins face-off versus Frans Nielsen in Predators zone.
13:36 of 2nd period - Snap shot by Jan Bulis.
13:36 of 2nd period - Stopped by Maxime Daigneault without a rebound.
13:37 of 2nd period - Andy Miele wins face-off versus Dave Steckel in Predators zone.
13:44 of 2nd period - Wrist shot by Andy Miele.
13:44 of 2nd period - Shot Misses the Net.
13:46 of 2nd period - Slapshot by Alexander Steen.
13:46 of 2nd period - Shot Blocked by Mike York.
13:48 of 2nd period - Slapshot by Alexander Edler.
13:48 of 2nd period - Stopped by Rick DiPietro with a rebound.
13:50 of 2nd period - Snap shot by David Jones.
13:50 of 2nd period - Goal by David Jones - Predators : 3 - Blue Jackets : 1.
13:51 of 2nd period - Pavel Datsyuk wins face-off versus Frans Nielsen in neutral zone.
14:09 of 2nd period - Minor Penalty to Alexander Ovechkin for Tripping.
14:10 of 2nd period - David Jones wins face-off versus Pavel Datsyuk in Predators zone.
14:27 of 2nd period - Wrist shot by Patric Hornqvist.
14:27 of 2nd period - Shot Misses the Net.
15:42 of 2nd period - Mike Lundin is hit by Eric Nystrom and loses puck.
16:09 of 2nd period - Penalty to Alexander Ovechkin is over, Alexander Ovechkin is back on ice.
16:21 of 2nd period - Off-side.
16:22 of 2nd period - Kris Vernarsky wins face-off versus Jeff Taffe in neutral zone.
16:29 of 2nd period - Wrist shot by Kris Vernarsky.
16:29 of 2nd period - Stopped by Rick DiPietro without a rebound.
16:30 of 2nd period - Ryan Kesler wins face-off versus Cory Emmerton in Blue Jackets zone.
16:41 of 2nd period - Wrist shot by Eric Nystrom.
16:41 of 2nd period - Shot Misses the Net.
16:43 of 2nd period - Wrist shot by Eric Nystrom.
16:43 of 2nd period - Stopped by Rick DiPietro with a rebound.
16:45 of 2nd period - Slapshot by Eric Nystrom.
16:45 of 2nd period - Shot Blocked by Jason Ward.
16:57 of 2nd period - Alexander Ovechkin is hit by Jan Bulis and loses puck.
17:55 of 2nd period - Mike Lundin is hit by Phil Oreskovic and loses puck.
18:58 of 2nd period - Slapshot by Jeff Taffe.
18:58 of 2nd period - Deflect By Cory Emmerton.
18:58 of 2nd period - Stopped by Maxime Daigneault with a rebound.
19:00 of 2nd period - Slapshot by Branislav Mezei.
19:00 of 2nd period - Deflect By Cory Emmerton.
19:00 of 2nd period - Stopped by Maxime Daigneault without a rebound.
19:01 of 2nd period - Pavel Datsyuk wins face-off versus Ryan Kesler in Predators zone.
19:08 of 2nd period - Snap shot by Martin Havlat.
19:08 of 2nd period - Shot Misses the Net.
19:10 of 2nd period - Slapshot by François Beauchemin.
19:10 of 2nd period - Shot Blocked by Ryan Mcdonagh.
19:28 of 2nd period - Jan Bulis is hit by Ryan Mcdonagh.
19:36 of 2nd period - Backhand shot by Jan Bulis.
19:36 of 2nd period - Shot Blocked by Alexander Ovechkin.
19:42 of 2nd period - Minor Penalty to Frans Nielsen for Holding.
19:43 of 2nd period - Alexander Ovechkin wins face-off versus Patric Hornqvist in Predators zone.
19:54 of 2nd period - Snap shot by Alexander Ovechkin.
19:54 of 2nd period - Shot Misses the Net.
19:56 of 2nd period - Snap shot by Alexander Ovechkin.
19:56 of 2nd period - Shot Blocked by François Beauchemin.
19:58 of 2nd period - Snap shot by Alexander Edler.
19:58 of 2nd period - Stopped by Rick DiPietro without a rebound.
19:59 of 2nd period - Eric Nystrom wins face-off versus Pavel Datsyuk in Blue Jackets zone.
Goals for this period are 2 for Predators vs 0 for Blue Jackets.
Shots for this period are 13 for Predators vs 5 for Blue Jackets.
3rd period
0:01 of 3rd period - Pavel Datsyuk wins face-off versus Alexander Ovechkin in neutral zone.
0:34 of 3rd period - Slapshot by Mike York.
0:34 of 3rd period - Stopped by Maxime Daigneault with a rebound.
0:36 of 3rd period - Slapshot by Branislav Mezei.
0:36 of 3rd period - Shot Misses the Net.
0:38 of 3rd period - Wrist shot by Mike Lundin.
0:38 of 3rd period - Stopped by Maxime Daigneault with a rebound.
1:42 of 3rd period - Penalty to Frans Nielsen is over, Frans Nielsen is back on ice.
2:01 of 3rd period - Icing by Christian Ehrhoff.
2:02 of 3rd period - Cory Emmerton wins face-off versus Alexander Steen in Predators zone.
2:05 of 3rd period - Snap shot by Jason Ward.
2:05 of 3rd period - Deflect By Cory Emmerton.
2:05 of 3rd period - Stopped by Maxime Daigneault without a rebound.
2:06 of 3rd period - Cory Emmerton wins face-off versus Andy Miele in Predators zone.
2:09 of 3rd period - Wrist shot by Cory Emmerton.
2:09 of 3rd period - Shot Blocked by Alexander Steen.
2:15 of 3rd period - Snap shot by Cory Emmerton.
2:15 of 3rd period - Shot Misses the Net.
2:17 of 3rd period - Slapshot by Mike Commodore.
2:17 of 3rd period - Shot Blocked by Ryan Mcdonagh.
2:19 of 3rd period - Slapshot by Mike Commodore.
2:19 of 3rd period - Stopped by Maxime Daigneault with a rebound.
2:21 of 3rd period - Slapshot by Mike Commodore.
2:21 of 3rd period - Shot Misses the Net.
2:23 of 3rd period - Snap shot by Jason Ward.
2:23 of 3rd period - Stopped by Maxime Daigneault without a rebound.
2:24 of 3rd period - Frans Nielsen wins face-off versus Pavel Datsyuk in Predators zone.
2:35 of 3rd period - Wrist shot by Marcus Nilson.
2:35 of 3rd period - Stopped by Maxime Daigneault without a rebound.
2:36 of 3rd period - Frans Nielsen wins face-off versus Pavel Datsyuk in Predators zone.
2:43 of 3rd period - Snap shot by Alexander Ovechkin.
2:43 of 3rd period - Deflect By Michael Grabner.
2:43 of 3rd period - Goal by Michael Grabner - Predators : 4 - Blue Jackets : 1.
2:44 of 3rd period - Frans Nielsen wins face-off versus Pavel Datsyuk in neutral zone.
2:51 of 3rd period - Wrist shot by Michael Grabner.
2:51 of 3rd period - Stopped by Rick DiPietro without a rebound.
2:52 of 3rd period - Pavel Datsyuk wins face-off versus Frans Nielsen in Blue Jackets zone.
3:16 of 3rd period - Slapshot by Alexander Ovechkin.
3:16 of 3rd period - Shot Misses the Net.
3:22 of 3rd period - Snap shot by Frans Nielsen.
3:22 of 3rd period - Shot Misses the Net.
3:24 of 3rd period - Wrist shot by Alexander Ovechkin.
3:24 of 3rd period - Stopped by Rick DiPietro with a rebound.
3:52 of 3rd period - Wrist shot by Alexander Ovechkin.
3:52 of 3rd period - Stopped by Rick DiPietro without a rebound.
3:53 of 3rd period - Patric Hornqvist wins face-off versus Ryan Kesler in Blue Jackets zone.
4:43 of 3rd period - Kevin Bieksa is hit by Andy Miele and loses puck.
4:50 of 3rd period - Wrist shot by Patric Hornqvist.
4:50 of 3rd period - Shot Blocked by Phil Oreskovic.
4:52 of 3rd period - Wrist shot by David Booth.
4:52 of 3rd period - Shot Misses the Net.
5:17 of 3rd period - Wrist shot by Patric Hornqvist.
5:17 of 3rd period - Deflect By Jan Bulis.
5:17 of 3rd period - Shot Misses the Net.
5:17 of 3rd period - Puck is out of play.
5:18 of 3rd period - Frans Nielsen wins face-off versus Pavel Datsyuk in Predators zone.
5:20 of 3rd period - Minor Penalty to Alexander Edler for Hooking.
5:21 of 3rd period - Alexander Ovechkin wins face-off versus Marcus Nilson in Predators zone.
5:56 of 3rd period - Wrist shot by Frans Nielsen.
5:56 of 3rd period - Shot Misses the Net.
6:48 of 3rd period - Brett Clark is hit by Pavel Datsyuk and loses puck.
7:20 of 3rd period - Penalty to Alexander Edler is over, Alexander Edler is back on ice.
7:27 of 3rd period - Alexander Edler is hit by Branislav Mezei and loses puck.
7:34 of 3rd period - Shane Doan is hit by Jason Ward and loses puck.
7:55 of 3rd period - Cory Emmerton is hit by Ryan Kesler and loses puck.
8:38 of 3rd period - Brooks Orpik is hit by Alexander Edler and loses puck.
8:45 of 3rd period - Pavel Datsyuk is hit by Alexander Edler and loses puck.
9:00 of 3rd period - Dave Steckel is hit by Eric Nystrom and loses puck.
9:53 of 3rd period - Minor Penalty to Adam Burish for Interference.
9:54 of 3rd period - Pavel Datsyuk wins face-off versus Alexander Ovechkin in Predators zone.
10:25 of 3rd period - Snap shot by Martin Havlat.
10:25 of 3rd period - Shot Misses the Net.
11:07 of 3rd period - Wrist shot by Martin Havlat.
11:07 of 3rd period - Deflect By Jan Bulis.
11:07 of 3rd period - Stopped by Maxime Daigneault with a rebound.
11:09 of 3rd period - Snap shot by Mike York.
11:09 of 3rd period - Deflect By Jan Bulis.
11:09 of 3rd period - Shot Misses the Net.
11:09 of 3rd period - Puck is out of play.
11:10 of 3rd period - Pavel Datsyuk wins face-off versus Alexander Ovechkin in Predators zone.
11:53 of 3rd period - Penalty to Adam Burish is over, Adam Burish is back on ice.
11:56 of 3rd period - Off-side.
11:57 of 3rd period - Kris Vernarsky wins face-off versus Cory Emmerton in neutral zone.
12:12 of 3rd period - Wrist shot by Jason Ward.
12:12 of 3rd period - Stopped by Maxime Daigneault without a rebound.
12:13 of 3rd period - Pavel Datsyuk wins face-off versus Frans Nielsen in Predators zone.
12:14 of 3rd period - Wrist shot by Martin Havlat.
12:14 of 3rd period - Shot Misses the Net.
12:16 of 3rd period - Snap shot by Marcus Nilson.
12:16 of 3rd period - Stopped by Maxime Daigneault without a rebound.
12:17 of 3rd period - Pavel Datsyuk wins face-off versus Frans Nielsen in Predators zone.
12:24 of 3rd period - Slapshot by Pavel Datsyuk.
12:24 of 3rd period - Deflect By Christian Ehrhoff.
12:24 of 3rd period - Shot Blocked by Michael Grabner.
12:24 of 3rd period - Puck is out of play.
12:25 of 3rd period - Frans Nielsen wins face-off versus Pavel Datsyuk in Predators zone.
12:25 of 3rd period - Frans Nielsen is hit by Martin Havlat.
12:36 of 3rd period - Slapshot by Mike Lundin.
12:36 of 3rd period - Stopped by Maxime Daigneault with a rebound.
12:38 of 3rd period - Wrist shot by Martin Havlat.
12:38 of 3rd period - Shot Misses the Net.
12:40 of 3rd period - Snap shot by Marcus Nilson.
12:40 of 3rd period - Shot Blocked by Ryan Mcdonagh.
12:50 of 3rd period - Mike Lundin is hit by Adam Burish and loses puck.
13:19 of 3rd period - Icing by Alexander Steen.
13:20 of 3rd period - Pavel Datsyuk wins face-off versus Andy Miele in Predators zone.
14:10 of 3rd period - Andreas Nodl is hit by Ryan Mcdonagh.
14:37 of 3rd period - Snap shot by Martin Havlat.
14:37 of 3rd period - Shot Misses the Net.
14:39 of 3rd period - Slapshot by Brooks Orpik.
14:39 of 3rd period - Stopped by Maxime Daigneault without a rebound.
14:40 of 3rd period - Pavel Datsyuk wins face-off versus Frans Nielsen in Predators zone.
15:54 of 3rd period - Snap shot by Alexander Ovechkin.
15:54 of 3rd period - Shot Misses the Net.
15:56 of 3rd period - Slapshot by Ryan Mcdonagh.
15:56 of 3rd period - Shot Misses the Net.
16:10 of 3rd period - Snap shot by Marcus Nilson.
16:10 of 3rd period - Shot Blocked by Christian Ehrhoff.
16:12 of 3rd period - Slapshot by Branislav Mezei.
16:12 of 3rd period - Deflect By Martin Havlat.
16:12 of 3rd period - Shot Blocked by David Jones.
16:12 of 3rd period - Puck is out of play.
16:13 of 3rd period - Ryan Kesler wins face-off versus David Booth in Predators zone.
16:43 of 3rd period - Snap shot by Frans Nielsen.
16:43 of 3rd period - Goal by Frans Nielsen - Predators : 5 - Blue Jackets : 1.
16:44 of 3rd period - Frans Nielsen wins face-off versus Pavel Datsyuk in neutral zone.
16:53 of 3rd period - Snap shot by Alexander Ovechkin.
16:53 of 3rd period - Shot Misses the Net.
17:17 of 3rd period - Icing by Ryan Mcdonagh.
17:18 of 3rd period - Andy Miele wins face-off versus Jan Bulis in Predators zone.
17:18 of 3rd period - Andy Miele is hit by François Beauchemin.
17:25 of 3rd period - Minor Penalty to Kevin Bieksa for Roughing.
17:26 of 3rd period - Pavel Datsyuk wins face-off versus Ryan Kesler in Blue Jackets zone.
17:43 of 3rd period - Slapshot by Ryan Kesler.
17:43 of 3rd period - Stopped by Rick DiPietro without a rebound.
17:44 of 3rd period - Frans Nielsen wins face-off versus Pavel Datsyuk in Blue Jackets zone.
17:45 of 3rd period - Snap shot by James Van Riemsdyk.
17:45 of 3rd period - Shot Misses the Net.
17:47 of 3rd period - Snap shot by Adam Burish.
17:47 of 3rd period - Stopped by Rick DiPietro with a rebound.
17:49 of 3rd period - Wrist shot by Christian Ehrhoff.
17:49 of 3rd period - Shot Misses the Net.
17:51 of 3rd period - Slapshot by Frans Nielsen.
17:51 of 3rd period - Shot Misses the Net.
17:53 of 3rd period - Snap shot by Ryan Mcdonagh.
17:53 of 3rd period - Shot Misses the Net.
17:55 of 3rd period - Snap shot by James Van Riemsdyk.
17:55 of 3rd period - Deflect By Frans Nielsen.
17:55 of 3rd period - Stopped by Rick DiPietro without a rebound.
17:56 of 3rd period - Pavel Datsyuk wins face-off versus Ryan Kesler in Blue Jackets zone.
18:02 of 3rd period - Icing by Ryan Mcdonagh.
18:03 of 3rd period - Ryan Kesler wins face-off versus Pavel Datsyuk in Predators zone.
18:08 of 3rd period - Patric Hornqvist is hit by Christian Ehrhoff and loses puck.
19:25 of 3rd period - Penalty to Kevin Bieksa is over, Kevin Bieksa is back on ice.
19:29 of 3rd period - Icing by Alexander Edler.
19:30 of 3rd period - Dave Steckel wins face-off versus Frans Nielsen in Predators zone.
19:39 of 3rd period - Minor Penalty to Dave Steckel for Tripping.
19:40 of 3rd period - Pavel Datsyuk wins face-off versus Ryan Kesler in Blue Jackets zone.
19:55 of 3rd period - Slapshot by Ryan Kesler.
19:55 of 3rd period - Shot Misses the Net.
Goals for this period are 2 for Predators vs 0 for Blue Jackets.
Shots for this period are 8 for Predators vs 11 for Blue Jackets.
Back to the Top